Cogmind - Beta 14 @@@ ROGUE MODE // 2025.03.28 @ 16:52:02 Player: Seven ate you Result: Self-destructed Performance ------------- Evolutions (1) 500 Regions Visited (2) 400 Robots Destroyed (17) 85 Value Destroyed (245) 245 Prototype IDs (0) 0 Alien Tech Used (0) 0 Bonus (0) 0 TOTAL SCORE: 1230 Bonus ------- None Cogmind --------- Core Integrity 386/400 Matter 9/300 Energy 250/250 System Corruption 0% Temperature Cool (0) Movement Treading (160) Location -9/Materials Parts ------- > --- POWER (1) -------- Ion Engine > --- PROPULSION (2) --- Light Treads Light Treads > --- UTILITY (4) ------ Medium Storage Unit Terrain Scanner > --- WEAPON (2) ------- Light Cannon Grenade Launcher > --- INVENTORY (10) --- Ion Engine Improved Treads Flight Unit Flight Unit Flight Unit Small Storage Unit Medium Armor Plating Hacking Suite Light Cannon Improved Light Cannon Peak State ------------ > --- POWER ------------ Ion Engine > --- PROPULSION ------- Light Treads Light Treads > --- UTILITY ---------- Medium Storage Unit Terrain Scanner > --- WEAPON ----------- Assault Rifle Assault Rifle > --- INVENTORY -------- Ion Engine Light Ion Engine Aluminum Leg Aluminum Leg Small Storage Unit Hacking Suite Light Assault Rifle Light Assault Rifle Light Cannon Grenade Launcher [Rating: 8] Favorites ----------- Power Ion Engine Engine Ion Engine Propulsion Light Treads Treads Light Treads Utility Terrain Scanner Device Terrain Scanner Storage Medium Storage Unit Weapon Assault Rifle Ballistic Gun Assault Rifle Ballistic Cannon Light Cannon Launcher Grenade Launcher Build | -11 -10 -9 ------- Run | Yrd Mat Mat Slots Evolved 2 | . . 2 Power . | . . . Propulsion . | . . . Utility 2 | . . 2 Weapon . | . . . Parts Attached 15 | 6 9 . Power 1 | 1 . . Engine 1 | 1 . . Core . | . . . Reactor . | . . . Propulsion 2 | 2 . . Treads 2 | 2 . . Leg . | . . . Wheel . | . . . Hover . | . . . Flight . | . . . Utility 3 | 1 2 . Device 1 | . 1 . Storage 2 | 1 1 . Processor . | . . . Hackware . | . . . Protection . | . . . Artifact . | . . . Weapon 9 | 2 7 . Energy Gun . | . . . Energy Cannon . | . . . Ballistic Gun 3 | 2 1 . Ballistic Cannon 3 | . 3 . Launcher 3 | . 3 . Special Weapon . | . . . Impact Weapon . | . . . Slashing Weapon . | . . . Piercing Weapon . | . . . Special Melee Weapon . | . . . Unidentified Prototypes . | . . . Parts Lost . | . . . Power . | . . . Propulsion . | . . . Utility . | . . . Weapon . | . . . Highest Loss Streak . | . . . To Critical Strikes . | . . . Average Slot Usage (%) 93 | . 97 77 Engine 13 | . 14 11 Treads 26 | . 28 22 Device 11 | . 12 11 Storage 13 | . 14 11 Ballistic Gun 15 | . 19 . Ballistic Cannon 8 | . 7 11 Launcher 3 | . 1 11 Peak Build Rating 8 | 6 8 8 Average Rating 7 | 4 7 8 On Entrance 4 | . 6 8 Naked Turns . | . . . Heaviest Build 22 | 14 22 22 Greatest Support 40 | 40 40 40 Greatest Overweight (x) . | . . . Average Overweight (x) . | . . . Largest Inventory Capacity 10 | 8 10 10 Average Capacity 9 | 7 9 10 Most Carried 10 | 7 10 10 Average Carried 8 | 3 8 9 Final Capacity 10 | 8 10 10 Final Carried 10 | 4 9 10 Class Distribution -------------------- 100% | Mutant Dominant Class ---------------- Mutant | -10/Materials Mutant | -9/Materials Resources | -11 -10 -9 ----------- Run | Yrd Mat Mat Matter Collected 270 | 158 112 . Remotely . | . . . Salvage Created 166 | . 166 . Parts 27 | . 27 . Haulers Intercepted . | . . . Recyclers Shooed . | . . . Parts Field Recycled . | . . . Retrieved Matter . | . . . Parts Self-Destructed . | . . . Prevented . | . . . Kills | -11 -10 -9 ------- Run | Yrd Mat Mat Combat Hostiles Destroyed 9 | . 9 . Cannons 4 | . 4 . AOE 5 | . 5 . Classes Destroyed 6 | . 6 . Worker 3 | . 3 . Builder 3 | . 3 . Operator 1 | . 1 . Watcher 1 | . 1 . Swarmer 6 | . 6 . Grunt 3 | . 3 . Best Kill Streak 8 | . 8 . Combat Bots Only 6 | . 6 . Max Kills in Single Turn 2 | . 2 . Gunslinging . | . . . Exploded 2 | . 2 . Melee . | . . . Uniques/NPCs Destroyed . | . . . Combat | -11 -10 -9 -------- Run | Yrd Mat Mat Hostile Shots Fired 49 | . 44 5 Missed 15 | . 13 2 Damage Taken 390 | . 361 29 Core 82 | . 68 14 Absorbed by Shields . | . . . Core Remaining (%) 86 | 100 72 . Volleys Fired 27 | . 27 . Largest 2 | . 2 . Hottest 70 | . 70 . Shots Fired 46 | . 46 . Gun 8 | . 8 . Cannon 32 | . 32 . Launcher 6 | . 6 . Special . | . . . Kinetic 40 | . 40 . Thermal . | . . . Explosive 6 | . 6 . Electromagnetic . | . . . Robot Hit Streak 3 | . 3 . Robot Miss Streak 4 | . 4 . Penetration Max . | . . . Secondary Targets . | . . . Shots Hit Robots 20 | . 20 . Core Hits 22 | . 21 1 Critical Kills . | . . . Critical Parts Destroyed . | . . . Critical Strikes . | . . . Melee Attacks . | . . . Impact . | . . . Slashing . | . . . Piercing . | . . . Sneak Attacks . | . . . Combat Hostiles . | . . . Follow-up Attacks . | . . . Damage Inflicted 829 | . 818 11 Guns 25 | . 25 . Cannons 229 | . 229 . Explosions 564 | . 564 . Melee . | . . . Ramming 11 | . . 11 Kinetic 254 | . 254 . Thermal 100 | . 100 . Explosive 464 | . 464 . Electromagnetic . | . . . Impact . | . . . Slashing . | . . . Piercing . | . . . Highest Corruption 2 | . 2 . Average Corruption 2 | . 2 . Corruption Purged . | . . . Corruption Blocked . | . . . Effects 2 | . 2 . Matter Fused 1 | . 1 . Weapon Failures 1 | . 1 . Overload Shots . | . . . Overflow Damage 19 | . 19 . Projectiles . | . . . Explosions 19 | . 19 . Melee . | . . . Knockbacks 2 | . 2 . Impact . | . . . Kinetic 2 | . 2 . Secondary . | . . . Self-Inflicted Damage 41 | . 41 . Shots 2 | . 2 . Rammed 2 | . . 2 Targets Rammed 2 | . . 2 Kicked . | . . . Crushed . | . . . Highest Temperature 72 | . 72 . Average Temperature 28 | . 28 . Received Heat Transfer 114 | . 114 . Siege Activations . | . . . Robots Corrupted . | . . . Combat Hostiles . | . . . Parts Fried . | . . . Impact Corruptions . | . . . Robots Melted . | . . . Combat Hostiles . | . . . Parts Melted . | . . . Heat Transferred 100 | . 100 . Parts Sabotaged . | . . . Parts Stolen . | . . . Parts Stripped . | . . . Power Chain Reactions . | . . . Alert | -11 -10 -9 ------- Run | Yrd Mat Mat Peak Influence 315 | . 315 162 Initial 132 | . . 132 Average 101 | . 105 137 Maximum Alert Level 1 | . 1 . Low Security (%) 86 | 100 82 100 Level 1 13 | . 17 . Level 2 . | . . . Level 3 . | . . . Level 4 . | . . . Level 5 . | . . . High Security . | . . . Max Security . | . . . Squads Dispatched 1 | . 1 . Investigation . | . . . Extermination . | . . . Reinforcement 1 | . 1 . Assault . | . . . Garrison . | . . . Intercept . | . . . Searches Triggered . | . . . Construction Impeded . | . . . Haulers Reinforced . | . . . Active Scanning Responses . | . . . Cargo Convoy Interrupts . | . . . Stealth | -11 -10 -9 --------- Run | Yrd Mat Mat Distress Signals 3 | . 2 1 Communications Jammed . | . . . Distress Signals . | . . . Times Spotted 24 | . 18 6 Peak Tracking Total 10 | . 4 10 Tactical Retreats 3 | . 3 . Traps | -11 -10 -9 ------- Run | Yrd Mat Mat Traps Triggered 1 | . 1 . Indirectly . | . . . Trap Hack Attempts . | . . . Triggered . | . . . Disarmed . | . . . Reprogrammed . | . . . Reused . | . . . Traps Extracted . | . . . Installed . | . . . Triggered . | . . . Machines | -11 -10 -9 ---------- Run | Yrd Mat Mat Machines Disabled 2 | . 2 . Max in Single Turn 2 | . 2 . Machines Repaired . | . . . Machines Dismantled . | . . . Machines Sabotaged . | . . . Overloaded Fab Kills . | . . . Hacking | -11 -10 -9 --------- Run | Yrd Mat Mat Machines Accessed . | . . . Terminals . | . . . Fabricators . | . . . Repair Stations . | . . . Recycling Units . | . . . Scanalyzers . | . . . Garrison Access . | . . . Total Hacks . | . . . Successful . | . . . Failed . | . . . Catastrophic . | . . . Database Lockouts . | . . . Manual . | . . . Terminals . | . . . Fabricators . | . . . Repair Stations . | . . . Recycling Units . | . . . Scanalyzers . | . . . Garrison Access . | . . . Terminal Hacks . | . . . Fabricator Hacks . | . . . Repair Station Hacks . | . . . Recycling Unit Hacks . | . . . Scanalyzer . | . . . Garrison Access Hacks . | . . . Unauthorized Hacks . | . . . Terminals . | . . . Fabricators . | . . . Repair Stations . | . . . Recycling Units . | . . . Scanalyzers . | . . . Garrison Access . | . . . Data Cores Recovered . | . . . Used . | . . . Hacking Detections . | . . . Full Trace Events . | . . . Feedback Events . | . . . Feedback Blocked . | . . . Robot Schematics Acquired . | . . . Robots Built . | . . . Authchips . | . . . Time . | . . . Total Robot Build Rating . | . . . Part Schematics Acquired . | . . . Parts Built . | . . . Authchips . | . . . Time . | . . . Total Part Build Rating . | . . . Parts Repaired . | . . . Time . | . . . Parts Recycled . | . . . Recycled Matter . | . . . Retrieved Matter . | . . . Retrieved Components . | . . . Parts Scanalyzed . | . . . Part Schematics Acquired . | . . . Parts Damaged . | . . . Bothacking | -11 -10 -9 ------------ Run | Yrd Mat Mat Used RIF Installer . | . . . Robots Hacked . | . . . Non-combat . | . . . Combat . | . . . Robot Hacks Applied . | . . . Relay Couplers Released . | . . . Fabnet Peak Effective % . | . . . Robots Rewired . | . . . Allies Hacked . | . . . Hacks Repelled . | . . . Allies | -11 -10 -9 -------- Run | Yrd Mat Mat Total Allies . | . . . Largest Group . | . . . Highest-Rated Group . | . . . Highest-Rated Ally . | . . . Total Orders . | . . . Ally Attacks . | . . . Total Damage . | . . . Kills . | . . . Allies Corrupted . | . . . Allies Melted . | . . . Intel | -11 -10 -9 ------- Run | Yrd Mat Mat Robot Analysis Total . | . . . Derelict Logs Recovered . | . . . Drone Launches . | . . . Drone Recoveries . | . . . Exploration | -11 -10 -9 ------------- Run | Yrd Mat Mat Turns Passed 861 | 74 641 146 Spaces Moved 456 | 42 328 86 Core 9 | 9 . . Treads 447 | 33 328 86 Legs . | . . . Wheels . | . . . Hover . | . . . Flight . | . . . Fastest Speed 50 | 50 160 160 Average Speed 157 | 136 160 160 Slowest Speed 160 | 160 160 160 Overloaded Moves . | . . . Propulsion Burnouts . | . . . Robots Hopped . | . . . Cave-ins Triggered . | . . . Exploration Rate (%) 22 | 3 55 8 Regions Visited 2 Branch Regions . Pre-discovered Areas . | . . . Known Exits Taken . | . . . Unknown Exits Taken 2 | 1 1 . Scrap Searched . | . . . Spaces Dug . | . . . Terrain Destroyed 21 | . 21 . Melee . | . . . Projectile . | . . . AOE 21 | . 21 . Terrain Rammed . | . . . Walls Destroyed . | . . . Machines Disabled . | . . . Actions | -11 -10 -9 --------- Run | Yrd Mat Mat Total 550 | 59 396 95 Wait 17 | 2 15 . Move 454 | 41 327 86 Hop . | . . . Pick Up 26 | 10 12 4 Fast Attach . | . . . Attach 7 | 6 1 . Detach . | . . . Swap 8 | . 8 . Drop 9 | . 6 3 Fire 27 | . 27 . Melee . | . . . Ram . | . . . Kick . | . . . Crush 2 | . . 2 Escape Stasis . | . . . Rewire . | . . . Trap . | . . . Miscellaneous . | . . . Route ------- -11/Scrapyard -10/Materials (discovered 3 exits: [*Mat x2] / [*Min]) -9/Materials History --------- Turn | Location | Event 6 | -11/Scrapyard | Discovered new exit (range 15) 75 | -11/Scrapyard | Entered Materials 112 | -10/Materials | Discovered new exit (range 13) 220 | -10/Materials | Discovered new exit (range 6) 303 | -10/Materials | Build established: Mutant 580 | -10/Materials | Discovered new exit (range 5) 716 | -10/Materials | Entered another Materials area 716 | -9/Materials | Evolved 2 slots: Utility x2 862 | -9/Materials | Self-destructed Last Messages --------------- 00708_ U-05 Engineer builds a Wall. 00709_ Acquired 1 matter. 00710_ Acquired 2 matter. 00712_ K-01 Serf destroyed. 00712_ U-05 Engineer lays Concrete. PARAMETERS=UTILITY+2 LOCATION=UNKNOWN GOAL=ESCAPE 00732_ Acquired Med. Armor Plating. 00761_ Dropped Lgt. Cannon. 00761_ Acquired Imp. Light Cannon. 00768_ Dropped Assault Rifle. 00768_ Acquired Lgt. Cannon. 00769_ Dropped Assault Rifle. 00778_ K-01 Serf collects debris. 00783_ K-01 Serf cleans the Repair Station. 00784_ Acquired Imp. Treads. 00787_ K-01 Serf collects debris. 00827_ Slammed into W-16 Scout. 00828_ Slammed into K-01 Serf. Map ----- +----------------------------------------------------+ | ?????????????????????????????????????????????????? | | ?????????????????????????????????????????????????? | | ?????????????????????????????????????????????????? | | ???????????????????????????????????????? ????????? | | ?????????????????????????????????????????????????? | | ???????????????????????????????????????????? ????? | | ?????????????????????????????????????????????????? | | ???????????????????????????????????????????#?????? | | ???????????????????????????????????????#####?????? | | ???????????????????????????????????????# ####### | | ???????????????????????? s ????????? ??# # | | ???????????????????????? s ????????????# # | | ???????????????????????? ????????"???# + """ | | ???????????????????????# #???????"???# # """ | | ???????????????????????# #???????????# # """ | | ???????????????????????# #???????????# # | | ??????????????????????? #????######## ####### | | ???????????????????????#a # ??# # # [[ | | ???????????????????????+ +????# """ # # | | ???????????????????????# #????# "R + + """ | | ???????????????????????#a #????# """ # # """ | | ???????????????????????# #????# # # """ | | ?????????????????????? # #????# # # | | ???????????????????????# #????######## ####### | | ???????????????????????# #???????????# #?????? | | ???????????????????????# @ ###?????????# #?????? | | ????????????????#??????# #???#?????#?# #???#?? | | ???????????????????????# ##??????????# #?????? | | ???????????????????#???# k############# #???#?? | | ????????????????######?# #?????? | | ????????????????# # #?????? | | ????????????????# # #?????? | | ????????????????# """ + ############# #?????? | | ????????????????# """ # #???##???#??# #?????? | | ???????????????## """ # #???????????# ????? | | ?????????????#??# # #???????????# ??? | | ????????????????######?# #?????#?????# ?? | | ???????????????????????# #???????????###+## #? | | ???????????????????????# #????????????????? #? | | ?????????????????? ??? +g #?????????????????? #? | | ???????????????????????# #?????????????????? #? | | ???????????????????????# #??????????????????? +? | | ???????????????????????# #?????? ??????????????? | | ??????????????????????## #?????????????????????? | | ???????????????????????# #??#??????????????????? | | ???????????????????????# #?????????????????????? | | ???????????????????????# #?????????????????????? | | ???????????????????????? #?????????????????????? | | ???????????????????????? ??????????????????????? | | ???????????????????????? ??????????????????????? | +----------------------------------------------------+ Best States ------------- Heat Dissipation 28 Energy Generation 10 Energy Capacity 250 Matter Stores 198 Matter Capacity 300 Sight Range 16 Terrain Scan Range 14 Terrain Scan Density 10 Evasion (%) 50 Recoil Reduction 2 Item Schematics ----------------- None Robot Schematics ------------------ None Fabricated ------------ Nothing Alien Tech Used ----------------- None Achievements -------------- None Challenges ------------ None Game ------ Seed LatentHypercooledBotcube Manual? 0 Play Time 00:08:24 Cumulative 5.1 hours Start 2025.03.28 @ 16:44:33 End 2025.03.28 @ 16:52:02 Sessions 1 Manual Loads 0 Difficulty Rogue Special Mode None Game No. 15 Rogue 15 Adventurer 0 Explorer 0 Win Type - Total 0 Types 0/0/0/0/0/0/0/0/0 Lore% 0 Gallery% 8 Achievement% 10 Wizard Run 0 Options --------- Layout 0 ASCII 0 Keyboard 0 Movement Numpad Keybinds 0 Fullscreen 2 Font 24/Smallcaps Map View 76x50 Zoom Use 0% Tactical HUD 1 Map Filters NONE Filters NONE Steam 1 RUN: 261356d9-990e-45cb-bee4-912cdafff57f